 Dungeon Crawl Stone Soup version 0.24.0-13-gcf9b319 (webtiles) character file.

Game seed: 10624009789380704708, levelgen mode: deterministic

94 Arex the Poker (level 4, 0/37 HPs)
             Began as a Merfolk Abyssal Knight on Jan 15, 2020.
             Was a Follower of Lugonu.
             Succumbed to an orc's poison
             ... on level 2 of the Dungeon on Jan 18, 2020.
             The game lasted 00:04:16 (2214 turns).

Arex the Poker (Merfolk Abyssal Knight)             Turns: 2214, Time: 00:04:16

Health: 0/37       AC:  8    Str: 13    XL:     4   Next: 63%
Magic:  6/6        EV: 10    Int: 16    God:    Lugonu [*.....]
Gold:   52         SH:  0    Dex: 13    Spells: 3/3 levels left

rFire    . . .     SeeInvis .   a - +1 spear
rCold    . . .     Gourm    .   (no shield)
rNeg     . . .     Faith    .   p - +0 scale mail
rPois    .         Spirit   .   (no helmet)
rElec    .         Reflect  .   o - +0 cloak (curse)
rCorr    .         Harm     .   f - +0 pair of gloves
MR       .....                  (no boots)
Stlth    ..........             (no amulet)
HPRegen  0.12/turn              (no ring)
MPRegen  0.10/turn              (no ring)

@: brilliant, lethally poisoned (0 -> -21)
A: change form in water, swift swim, stealthy swim
a: Depart the Abyss, Renounce Religion


You were on level 2 of the Dungeon.
You worshipped Lugonu.
Lugonu was aware of your devotion.
You were not hungry.

You visited 1 branch of the dungeon, and saw 3 of its levels.
You visited the Abyss 1 time.

You collected 52 gold pieces.

Inventory:

Hand Weapons
 a - a +1 spear (weapon)
Armour
 b - a +0 leather armour
 f - a +0 pair of gloves (worn)
 o - a cursed +0 cloak (worn)
 p - a +0 scale mail (worn)
Scrolls
 e - a scroll of fear {unknown}
 g - 2 scrolls of teleportation
 j - a scroll of amnesia {unknown}
 k - a scroll of magic mapping {unknown}
 l - a scroll of immolation {unknown}
 m - 2 scrolls of enchant weapon
Potions
 d - 3 potions of flight
 h - 2 potions of haste
Comestibles
 c - 7 rations
 i - 5 chunks of flesh


   Skills:
 + Level 4.0 Fighting
 + Level 4.2 Polearms
 - Level 0.6 Armour
 + Level 3.8 Dodging
 + Level 3.0 Invocations


You had 3 spell levels left.
You didn't know any spells.
Your spell library was empty.

Dungeon Overview and Level Annotations

Branches:
Dungeon (3/15)

Altars:
Ashenzari
Fedhas
Hepliaklqana
Qazlal
Sif Muna
Wu Jian
Xom


Message History

* * * LOW HITPOINT WARNING * * *
You feel sick. The orc barely misses you. The orc hits you but does no damage.
You hit the orc but do no damage.
The orc is almost dead.
* * * LOW HITPOINT WARNING * * *
You feel sick. The orc closely misses you. x2
You hit the orc.
You kill the orc!
Lugonu accepts your kill.
* * * LOW HITPOINT WARNING * * *
You feel sick. The orc barely misses you.
You completely miss the orc.
* * * LOW HITPOINT WARNING * * *
You feel sick.
It was a potion of brilliance.
You feel clever all of a sudden.
* * * LOW HITPOINT WARNING * * *
You feel sick. The orc barely misses you.
Your scale mail prevents you from hitting the orc.
You die...

#.# #..###...# #..# #.#
#........####..# #.#
#..............# #.#
#######..#####.## #.#
#...# #..# #.# #.#.#
##.# #.##### #.#.## #.#
#.....############....#
#.#
###............)@o....#
#.##
#.#.############....#
#..# #.#.#
#..........#### ##.##
#.#.# #.###.####รท#
#..# #.#.# ####...###.#
##.## #.#.#
#E#...#E#.#### #..#
#.#.# ####...###....#
##.#
##)#.###.............#
#.#
##..........._.....#..#
#.#


You could see an orc.

Vanquished Creatures
  3 adders (D:2)
  2 oozes
  3 worms (D:2)
  4 dart slugs
  2 orcs (D:2)
  A ball python (D:2)
  2 bats (D:2)
  3 giant cockroaches
  4 goblins
  6 hobgoblins
  4 frilled lizards
  4 kobolds
  4 rats
42 creatures vanquished.

Notes
Turn   | Place    | Note
-------+----------+-------------------------------------------
     0 | Abyss:1  | Arex the Merfolk Abyssal Knight began the quest for the
                  | Orb.
     0 | Abyss:1  | Reached XP level 1. HP: 18/18 MP: 2/2
   126 | Abyss:1  | Noticed a raiju
   129 | D:1      | Escaped the Abyss
   348 | D:1      | Reached XP level 2. HP: 21/24 MP: 3/3
   674 | D:1      | Reached * piety under Lugonu
   674 | D:1      | Reached XP level 3. HP: 29/29 MP: 4/4
  1155 | D:2      | Found a blossoming altar of Fedhas.
  1156 | D:2      | Found a hazy altar of Hepliaklqana.
  1156 | D:2      | Found a shimmering blue altar of Sif Muna.
  1157 | D:2      | Found a shattered altar of Ashenzari.
  1157 | D:2      | Found an ornate altar of the Wu Jian Council.
  1158 | D:2      | Found a shimmering altar of Xom.
  1545 | D:2      | Reached XP level 4. HP: 35/37 MP: 6/6
  1847 | D:2      | Found a stormy altar of Qazlal.
  1847 | D:2      | Noticed a fire elemental
  1864 | D:2      | Noticed an air elemental
  1866 | D:2      | Noticed an earth elemental
  1875 | D:2      | Noticed a water elemental
  2214 | D:2      | Succumbed to an orc's poison

Levels and vault maps discovered:
D:1:      sevenhm_arrival_forest_fort_large_2, layout_basic
D:2:      layout_loops_ring, nicolae_qazlal_style_of_elements,
          grunt_temple_overflow_open
D:3:      layout_rooms, minmay_misc_feat_doors, goddamned_bats

Skill      XL: |  1  2  3  4 |
---------------+-------------+-----
Dodging        | 3 |  3.8
Polearms       | 4 |  4.2
Fighting       | 4 |  4.0
Invocations    | 3 |  3.0
Armour         | |  0.6

Action                   |  1- 3 |  4- 6 || total
-------------------------+-------+-------++-------
Melee: Spear             |   113 |    68 ||   181
Invok: Depart the Abyss  |     1 |       ||     1
  Use: Scroll            |     4 |       ||     4
       Potion            |       |     1 ||     1
  Eat: Chunk             |     2 |     2 ||     4
Armor: Leather armour    |    23 |     8 ||    31
       Scale mail        |       |     4 ||     4
Dodge: Dodged            |    69 |    33 ||   102
